 Dungeon Crawl Stone Soup version 0.30.0 (webtiles) character file.

Game seed: 127623670246824049

0 leafyfresh the Covert (level 1, -12/23 HPs)
             Began as a Gnoll Delver on May 6, 2023.
             Mangled by a sleepcap (20 damage)
             ... on level 5 of the Dungeon.
             The game lasted 00:00:22 (38 turns).

leafyfresh the Covert (Gnoll Delver)                  Turns: 38, Time: 00:00:22

Health: -12/23     AC:  3    Str: 11    XL:     1   Next: 0%
Magic:  1/1        EV:  2    Int:  9    God:
Gold:   0          SH:  0    Dex: 13    Spells: 0/0 levels left

rFire   . . .        a - +0 short sword
rCold   . . .        (no shield)
rNeg    . . .        b - +0 leather armour
rPois   .            (no helmet)
rElec   .            (no cloak)
rCorr   .            (no gloves)
SInv    .            (no boots)
Will    .....        (no amulet)
Stlth   ++++         (no ring)
HPRegen 0.23/turn    (no ring)
MPRegen 0.07/turn

%: no passive effects
@: sleeping
A: fangs 1, strong nose, distributed training
a: no special abilities


You were on level 5 of the Dungeon.
You visited 1 branch of the dungeon, and saw 1 of its levels.

Inventory:

Hand Weapons
 a - a +0 short sword (weapon)
Armour
 b - a +0 leather armour (worn)
Wands
 g - a wand of digging (3)
Scrolls
 c - a scroll of fog
 d - a scroll of magic mapping
 e - a scroll of fear
Potions
 f - a potion of haste


   Skills:
 + Level 6.4 Fighting
 + Level 4.4 Short Blades
 + Level 0.0 Long Blades
 + Level 0.0 Axes
 + Level 0.0 Maces & Flails
 + Level 0.0 Polearms
 + Level 0.0 Staves
 + Level 0.0 Ranged Weapons
 + Level 0.0 Throwing
 + Level 0.0 Armour
 + Level 4.4 Dodging
 + Level 9.5 Stealth
 + Level 0.0 Shields
 + Level 0.0 Unarmed Combat
 + Level 0.0 Spellcasting
 + Level 0.0 Conjurations
 + Level 0.0 Hexes
 + Level 0.0 Summonings
 + Level 0.0 Necromancy
 + Level 0.0 Translocations
 + Level 0.0 Transmutations
 + Level 0.0 Fire Magic
 + Level 0.0 Ice Magic
 + Level 0.0 Air Magic
 + Level 0.0 Earth Magic
 + Level 0.0 Poison Magic
 + Level 0.0 Invocations
 + Level 0.0 Evocations


You couldn't memorise any spells.
You didn't know any spells.
Your spell library was empty.

Dungeon Overview and Level Annotations

Branches:
Dungeon (5/15)
 Temple: D:4-7

Altars:


Innate Abilities, Weirdness & Mutations

You have very sharp teeth.
Your uncanny sense of smell can sniff out nearby items.
Your experience applies equally to all skills.


Message History

Here: a sleepcap The floor.
The sleepcap attacks as you move away! The sleepcap barely misses you.
The sleepcap attacks as you move away!
The sleepcap releases spores at you but does no damage.
The sleepcap attacks as you move away! The sleepcap releases spores at you.
The sleepcap attacks as you move away! The sleepcap barely misses you.
There is an escape hatch in the floor here.
The sleepcap attacks as you move away! The sleepcap completely misses you.
You hit the sleepcap.
You bite the sleepcap, but do no damage.
The sleepcap is lightly damaged.
The sleepcap closely misses you.
You hit the sleepcap.
The sleepcap is lightly damaged.
The sleepcap misses you.
You hit the sleepcap.
The sleepcap is moderately damaged.
You hit the sleepcap.
The sleepcap is moderately damaged.
The sleepcap barely misses you.
You hit the sleepcap.
The sleepcap is heavily damaged.
The sleepcap misses you.
You hit the sleepcap but do no damage.
The sleepcap is heavily damaged.
The sleepcap releases spores at you.
You hit the sleepcap but do no damage.
The sleepcap is heavily damaged.
You hit the sleepcap.
The sleepcap is heavily damaged.
The sleepcap releases spores at you.
You hit the sleepcap. You bite the sleepcap.
The sleepcap is severely damaged.
The sleepcap releases spores at you.
You are engulfed in a cloud of soporific spores!
You fall asleep.
The sleepcap releases spores at you!!
Ouch! That really hurt!
You die...

#.##### ......## #
#...######....
#.#...>.....#
#...#######.#
##.## #.#
#.########.#######
.......@.........#
#.#####f.#.####...
#........... #
#....####..#
#.#####....###
#.............#
#######.!####.#
#..# # #..#


You could see a sleepcap.

Vanquished Creatures (others)
  5 fungi (D:5)
5 creatures vanquished.

Notes
Turn   | Place    | Note
-------+----------+-------------------------------------------
     0 | D:5      | Reached skill level 9 in Stealth
     0 | D:5      | leafyfresh the Gnoll Delver began the quest for the Orb.
     0 | D:5      | Reached XP level 1. HP: 23/23 MP: 1/1
    12 | D:5      | Noticed a sleepcap
    38 | D:5      | Mangled by a sleepcap

Illustrated notes

Levels and vault maps discovered:
D:5:      minmay_general_purpose_star, layout_loops_ring,
          nemelex_xobeh_ov_fountains_minmay, serial_aquarium,
          aquarium_bridge_long_separate [aquarium_subvault_bridge,
          aquarium_subvault_wall, aquarium_subvault_wall,
          aquarium_subvault_window, aquarium_subvault_bridge,
          aquarium_subvault_wall], aquarium_window_corner,
          aquarium_window_corner, aquarium_view_2c, aquarium_view_2a,
          aquarium_balcony_5b, aquarium_pool_five, uniq_edmund

Skill      XL: | |
---------------+-+-----
Stealth        | |  9.5
Fighting       | |  6.4
Short Blades   | |  4.4
Dodging        | |  4.4

Action                     || total
---------------------------++-------
  Melee: Short sword       ||    11
         Bite              ||     3
 Armour: Leather armour    ||     1
  Dodge: Dodged            ||     7
